AA - U28
MONTGOMERY BISCUITS @ FRISCO ROUGHRIDERS
09/14/2052
 
TOP OF THE 1ST
Yucatan Matadors batting - Pitching for Mexico City Diablos Rojos : RHP Mateo Cruz
Pitching: RHP Mateo Cruz
Batting: RHB Max Duran 0-0: Foul Ball, location: 2F
0-1: Ball
1-1: Foul Ball, location: 7LSFF
1-2: Ball
2-2: Ground out 4-3 (Groundball, 4M, EV 89.4 MPH)
Batting: SHB E.J. Lunsford 0-0: Ground out 4-3 (Groundball, 4, EV 78.8 MPH)
Batting: LHB Galtero De La Cruz 0-0: Foul Ball, location: 2F
0-1: Ball
1-1: Ball
2-1: Swinging Strike
2-2: Strikes out looking
Top of the 1st over - 0 runs, 0 hits, 0 errors, 0 left on base; Yucatan 0 - Mexico City 0
BOTTOM OF THE 1ST
Mexico City Diablos Rojos batting - Pitching for Yucatan Matadors : RHP Marco Rodríguez
Pitching: RHP Marco Rodríguez
Batting: RHB Colton Johnson 0-0: Ball
1-0: Ground out 6-3 (Groundball, 6, EV 85.6 MPH)
Batting: LHB Jeffrey Woodard 0-0: Swinging Strike
0-1: Ball
1-1: Swinging Strike
1-2: Strikes out swinging
Batting: RHB Ted Harris 0-0: Ball
1-0: Swinging Strike
1-1: Ball
2-1: Called Strike
2-2: Fly out, F9 (Flyball, 89M, EV 96.3 MPH)
Bottom of the 1st over - 0 runs, 0 hits, 0 errors, 0 left on base; Yucatan 0 - Mexico City 0
TOP OF THE 2ND
Yucatan Matadors batting - Pitching for Mexico City Diablos Rojos : RHP Mateo Cruz
Batting: LHB Kevin Schram 0-0: Swinging Strike
0-1: Ball
1-1: Foul Ball, location: 5FF
1-2: Ball
2-2: Ball
3-2: Strikes out swinging
Batting: RHB Sandro Cordero 0-0: Foul Ball, location: 3SF
0-1: Ball
1-1: Swinging Strike
1-2: Strikes out swinging
Batting: RHB Nathan Stark 0-0: Ball
1-0: Foul Ball, location: 9LSF
1-1: Foul Ball, location: 9LMF
1-2: Ball
2-2: Strikes out looking
Top of the 2nd over - 0 runs, 0 hits, 0 errors, 0 left on base; Yucatan 0 - Mexico City 0
BOTTOM OF THE 2ND
Mexico City Diablos Rojos batting - Pitching for Yucatan Matadors : RHP Marco Rodríguez
Batting: RHB Alex Batista 0-0: Ball
1-0: Foul Ball, location: 3F
1-1: Called Strike
1-2: Ball
2-2: Fly out, F5 (Popup, 25F, EV 86.9 MPH)
Batting: LHB Jeremiah West 0-0: Ball
1-0: Foul Ball, location: 3FF
1-1: Foul Ball, location: 7LSF
1-2: SINGLE (Line Drive, 89M, EV 95.0 MPH)
Batting: LHB Jeronimo Castorena 0-0: Called Strike
0-1: Ball
1-1: Ball
2-1: Swinging Strike
2-2: Ball
3-2: TRIPLE (Line Drive, 89XD, EV 100.6 MPH)
Jeremiah West scores
Batting: SHB Don Glynn 0-0: Called Strike
0-1: Ball
1-1: Ball
Wild Pitch!
Jeronimo Castorena scores
2-1: Hit by Pitch
Batting: LHB Donald Vang 0-0: Called Strike
0-1: Ball
1-1: Called Strike
1-2: Foul Ball, location: 2F
1-2: Ball
2-2: Strikes out swinging
Batting: RHB Austin Nelson 0-0: Ball
1-0: Ball
2-0: Ball
3-0: Base on Balls
Don Glynn to second
Batting: RHB Colton Johnson 0-0: Called Strike
0-1: Ball
1-1: Called Strike
1-2: Strikes out swinging
Bottom of the 2nd over - 2 runs, 2 hits, 0 errors, 2 left on base; Yucatan 0 - Mexico City 2
TOP OF THE 3RD
Yucatan Matadors batting - Pitching for Mexico City Diablos Rojos : RHP Mateo Cruz
Batting: RHB Rod Ternes 0-0: Ball
1-0: Called Strike
1-1: DOUBLE (Flyball, 8LXD, EV 101.3 MPH)
Batting: RHB Jesús Muñoz 0-0: Called Strike
0-1: Ball
1-1: Swinging Strike
1-2: Ground out 6-3 (Groundball, 6MS, EV 88.8 MPH)
Rod Ternes to third
Batting: RHB Barret Lanning 0-0: Called Strike
0-1: Ball
1-1: Ball
2-1: Fly out, F9 (Line Drive, 9S, EV 106.9 MPH)
Batting: RHB Max Duran 0-0: Ball
1-0: Ground out 5-3 (Groundball, 5S, EV 86.9 MPH)
Top of the 3rd over - 0 runs, 1 hit, 0 errors, 1 left on base; Yucatan 0 - Mexico City 2
BOTTOM OF THE 3RD
Mexico City Diablos Rojos batting - Pitching for Yucatan Matadors : RHP Marco Rodríguez
Batting: LHB Jeffrey Woodard 0-0: DOUBLE (Flyball, 8LXD, EV 111.3 MPH)
Batting: RHB Ted Harris 0-0: Ball
1-0: SINGLE (Line Drive, 8RS, EV 95.0 MPH)
Jeffrey Woodard to third
Runner from 3rd tries for Home, SAFE, throw by CF to home
Ted Harris to second
Batting: RHB Alex Batista 0-0: Foul Ball, location: 5FF
0-1: Foul Ball, location: 5F
0-2: Foul Ball, location: 9LMF
0-2: Ball
1-2: Ball
2-2: Strikes out swinging
Batting: LHB Jeremiah West 0-0: Ball
1-0: Foul Ball, location: 5FF
1-1: Foul Ball, location: 7LDF
1-2: Foul Ball, location: 2F
1-2: Foul Ball, location: 5SF
1-2: Ball
2-2: Fly out, F7 (Flyball, 78M, EV 86.3 MPH)
Batting: LHB Jeronimo Castorena 0-0: Ball
1-0: Ground out 5-3 (Groundball, 5, EV 85.6 MPH)
Bottom of the 3rd over - 1 run, 2 hits, 0 errors, 1 left on base; Yucatan 0 - Mexico City 3
TOP OF THE 4TH
Yucatan Matadors batting - Pitching for Mexico City Diablos Rojos : RHP Mateo Cruz
Batting: SHB E.J. Lunsford 0-0: Called Strike
0-1: Ball
1-1: Foul Ball, location: 2F
1-2: Ball
2-2: SINGLE (Groundball, 4MD, EV 96.9 MPH)
Batting: LHB Galtero De La Cruz 0-0: Swinging Strike
0-1: Ball
1-1: Ball
2-1: Foul Ball, location: 2F
2-2: Foul Ball, location: 2F
2-2: Ball
3-2: Base on Balls
E.J. Lunsford to second
Batting: LHB Kevin Schram 0-0: Ball
1-0: Called Strike
1-1: Fly out, F9 (Flyball, 9D, EV 101.9 MPH)
Batting: RHB Sandro Cordero 0-0: Called Strike
0-1: Fielders Choice at 2nd, 3-6 (Groundball, 34, EV 90.6 MPH)
E.J. Lunsford to third
Batting: RHB Nathan Stark 0-0: Ball
1-0: Foul Ball, location: 2F
1-1: Fly out, F6 (Popup, 6D, EV 75.0 MPH)
Top of the 4th over - 0 runs, 1 hit, 0 errors, 2 left on base; Yucatan 0 - Mexico City 3
BOTTOM OF THE 4TH
Mexico City Diablos Rojos batting - Pitching for Yucatan Matadors : RHP Marco Rodríguez
Batting: SHB Don Glynn 0-0: Called Strike
0-1: Ground out 6-3 (Groundball, 6M, EV 81.3 MPH)
Batting: LHB Donald Vang 0-0: Fly out, F5 (Line Drive, 56, EV 61.9 MPH)
Batting: RHB Austin Nelson 0-0: Called Strike
0-1: Foul Ball, location: 2F
0-2: SINGLE (Flyball, 9LS, EV 96.3 MPH)
Batting: RHB Colton Johnson 0-0: Fielders Choice at 2nd, 5-4 (Groundball, 5, EV 100.6 MPH)
Bottom of the 4th over - 0 runs, 1 hit, 0 errors, 1 left on base; Yucatan 0 - Mexico City 3
TOP OF THE 5TH
Yucatan Matadors batting - Pitching for Mexico City Diablos Rojos : RHP Mateo Cruz
Batting: RHB Rod Ternes 0-0: Ball
1-0: Ball
2-0: Called Strike
2-1: Fly out, F9 (Flyball, 9D, EV 94.4 MPH)
Batting: RHB Jesús Muñoz 0-0: Called Strike
0-1: Foul Ball, location: 9LSF
0-2: Strikes out swinging
Batting: RHB Barret Lanning 0-0: Called Strike
0-1: Ball
1-1: Ball
2-1: Fly out, F6 (Popup, 6S, EV 86.3 MPH)
Top of the 5th over - 0 runs, 0 hits, 0 errors, 0 left on base; Yucatan 0 - Mexico City 3
BOTTOM OF THE 5TH
Mexico City Diablos Rojos batting - Pitching for Yucatan Matadors : RHP Marco Rodríguez
Batting: LHB Jeffrey Woodard 0-0: Ball
1-0: Swinging Strike
1-1: Ball
2-1: Foul Ball, location: 23F
2-2: Foul Ball, location: 2RF
2-2: Foul Ball, location: 5DF
2-2: Hit by Pitch
Pinch Runner at 1st Ollie Pryor:
Batting: RHB Ted Harris 0-0: Ball
1-0: Called Strike
1-1: Fielders Choice at 2nd, 5-4 (Groundball, 56, EV 96.3 MPH)
Batting: RHB Alex Batista 0-0: Ball
1-0: Swinging Strike
1-1: Foul Ball, location: 5DF
1-2: Foul Ball, location: 3SF
1-2: Fly out, F8 (Flyball, 78M, EV 85.0 MPH)
Batting: LHB Jeremiah West 0-0: Called Strike
0-1: Ball
1-1: Foul Ball, location: 2F
1-2: Foul Ball, location: 7LDF
1-2: Foul Ball, location: 23F
1-2: 2-RUN HOME RUN (Flyball, 89XD, EV 98.8 MPH), Distance : 396 ft
Pitching: RHP Sam Gerken
Batting: LHB Jeronimo Castorena 0-0: Ball
1-0: Ball
2-0: Swinging Strike
2-1: Foul Ball, location: 7LMF
2-2: Ground out 4-3 (Groundball, 4, EV 98.1 MPH)
Bottom of the 5th over - 2 runs, 1 hit, 0 errors, 0 left on base; Yucatan 0 - Mexico City 5
TOP OF THE 6TH
Yucatan Matadors batting - Pitching for Mexico City Diablos Rojos : RHP Mateo Cruz
Now at 1B: Ollie Pryor
Batting: RHB Max Duran 0-0: Ball
1-0: Ball
2-0: Called Strike
2-1: Ball
3-1: Base on Balls
Batting: SHB E.J. Lunsford 0-0: Ball
1-0: Ball
2-0: Ball
3-0: Called Strike
3-1: Base on Balls
Max Duran to second
Batting: LHB Galtero De La Cruz 0-0: Foul Ball, location: 2F
0-1: Ball
1-1: Foul Ball, location: 2F
1-2: Ball
2-2: Fly out, F6 (Popup, 6, EV 56.9 MPH)
Batting: LHB Kevin Schram 0-0: Called Strike
0-1: Foul Ball, location: 5SF
0-2: Ball
1-2: Ball
2-2: Fielders Choice at 2nd, 6-4 (Groundball, 6, EV 77.5 MPH)
Max Duran to third
Batting: RHB Sandro Cordero 0-0: Ball
Kevin Schram steals 2nd base
1-0: Called Strike
1-1: Called Strike
1-2: Ball
2-2: Foul Ball, location: 2F
2-2: Foul Ball, location: 3SF
2-2: Ball
3-2: Foul Ball, location: 2F
3-2: Fly out, F8 (Line Drive, 8LM, EV 86.9 MPH)
Top of the 6th over - 0 runs, 0 hits, 0 errors, 2 left on base; Yucatan 0 - Mexico City 5
BOTTOM OF THE 6TH
Mexico City Diablos Rojos batting - Pitching for Yucatan Matadors : RHP Sam Gerken
Batting: SHB Don Glynn 0-0: Ball
1-0: Fly out, F8 (Flyball, 8RM, EV 85.0 MPH)
Batting: LHB Donald Vang 0-0: Ball
1-0: Swinging Strike
1-1: Ball
2-1: Ball
3-1: Ground out U3 (Groundball, 3S, EV 91.3 MPH)
Batting: RHB Austin Nelson 0-0: Called Strike
0-1: Ball
1-1: Ball
2-1: Foul Ball, location: 3F
2-2: Foul Ball, location: 23F
2-2: Strikes out swinging
Bottom of the 6th over - 0 runs, 0 hits, 0 errors, 0 left on base; Yucatan 0 - Mexico City 5
TOP OF THE 7TH
Yucatan Matadors batting - Pitching for Mexico City Diablos Rojos : RHP Mateo Cruz
Pitching: RHP Ismaldo Brito
Batting: RHB Nathan Stark 0-0: Called Strike
0-1: Ball
1-1: Foul Ball, location: 5FF
1-2: Ball
2-2: Ball
3-2: Foul Ball, location: 3F
3-2: Foul Ball, location: 23F
3-2: Foul Ball, location: 2F
3-2: Base on Balls
Batting: RHB Rod Ternes 0-0: Ball
1-0: Called Strike
1-1: Called Strike
1-2: Ball
2-2: Strikes out looking
Batting: RHB Jesús Muñoz 0-0: Ball
1-0: Foul Ball, location: 9LSFF
1-1: Foul Ball, location: 9LMF
1-2: Grounds into double play, 5-4-3 (Groundball, 5, EV 86.9 MPH)
Top of the 7th over - 0 runs, 0 hits, 0 errors, 0 left on base; Yucatan 0 - Mexico City 5
BOTTOM OF THE 7TH
Mexico City Diablos Rojos batting - Pitching for Yucatan Matadors : RHP Sam Gerken
Batting: RHB Colton Johnson 0-0: Called Strike
0-1: Foul Ball, location: 2F
0-2: Foul Ball, location: 3FF
0-2: Ball
1-2: Ball
2-2: Ground out 4-3 (Groundball, 4M, EV 81.9 MPH)
Batting: RHB Ollie Pryor 0-0: Ball
1-0: Ball
2-0: Called Strike
2-1: Foul Ball, location: 2F
2-2: Strikes out looking
Batting: RHB Ted Harris 0-0: Ball
1-0: Ball
2-0: Ball
3-0: Called Strike
3-1: DOUBLE (Flyball, 89XD, EV 94.4 MPH)
Batting: RHB Alex Batista 0-0: Ball
1-0: Foul Ball, location: 5SF
1-1: Foul Ball, location: 23F
1-2: DOUBLE (Groundball, 5L, EV 105.0 MPH)
Ted Harris scores
Batting: LHB Jeremiah West 0-0: Called Strike
0-1: Ball
1-1: Ball
2-1: Swinging Strike
2-2: Ground out 6-3 (Groundball, 6MS, EV 67.5 MPH)
Bottom of the 7th over - 1 run, 2 hits, 0 errors, 1 left on base; Yucatan 0 - Mexico City 6
TOP OF THE 8TH
Yucatan Matadors batting - Pitching for Mexico City Diablos Rojos : RHP Ismaldo Brito
Batting: RHB Barret Lanning 0-0: Ball
1-0: Swinging Strike
1-1: Foul Ball, location: 7LSF
1-2: Strikes out looking
Batting: RHB Max Duran 0-0: Called Strike
0-1: Foul Ball, location: 9LSF
0-2: Ball
1-2: Ball
2-2: Strikes out swinging
Batting: SHB E.J. Lunsford 0-0: Called Strike
0-1: Swinging Strike
0-2: Ball
1-2: Strikes out looking
Top of the 8th over - 0 runs, 0 hits, 0 errors, 0 left on base; Yucatan 0 - Mexico City 6
BOTTOM OF THE 8TH
Mexico City Diablos Rojos batting - Pitching for Yucatan Matadors : RHP Sam Gerken
Batting: LHB Jeronimo Castorena 0-0: Ball
1-0: Called Strike
1-1: DOUBLE (Line Drive, 89XD, EV 107.5 MPH)
Pitching: RHP David Baranov
Batting: SHB Don Glynn 0-0: Fly out, F9 (Flyball, 9LS, EV 80.0 MPH)
Batting: LHB Donald Vang 0-0: Called Strike
0-1: Ground out U3 (Groundball, 3, EV 91.9 MPH)
Jeronimo Castorena to third
Batting: RHB Austin Nelson 0-0: Called Strike
0-1: Foul Ball, location: 3SF
0-2: Strikes out swinging
Bottom of the 8th over - 0 runs, 1 hit, 0 errors, 1 left on base; Yucatan 0 - Mexico City 6
TOP OF THE 9TH
Yucatan Matadors batting - Pitching for Mexico City Diablos Rojos : RHP Ismaldo Brito
Batting: LHB Galtero De La Cruz 0-0: Called Strike
0-1: Ball
1-1: Called Strike
1-2: Strikes out swinging
Batting: LHB Kevin Schram 0-0: Ball
1-0: Ball
2-0: Ball
3-0: Called Strike
3-1: Ground out 4-3 (Groundball, 4, EV 98.1 MPH)
Batting: RHB Sandro Cordero 0-0: Called Strike
0-1: Ball
1-1: Called Strike
1-2: Foul Ball, location: 9LMF
1-2: Ground out 6-3 (Groundball, 6, EV 91.3 MPH)
Top of the 9th over - 0 runs, 0 hits, 0 errors, 0 left on base; Yucatan 0 - Mexico City 6
Tuesday, May 7th , 2024 - OOTP Baseball 24.11 Build 85